 Dungeon Crawl Stone Soup version 0.26-a0-639-g72c4674329 (webtiles) character file.

Game seed: 5956113669816744934

11 Lanoc the Poker (level 2, 0/24 HPs)
             Began as a Merfolk Abyssal Knight on Sept 23, 2020.
             Was an Initiate of Lugonu.
             Hit by a stone thrown by a kobold (2 damage)
             ... on level 3 of the Dungeon.
             The game lasted 00:01:05 (409 turns).

Lanoc the Poker (Merfolk Abyssal Knight)             Turns: 409, Time: 00:01:06

Health: 0/24       AC:  4    Str: 11 (12) XL:     2   Next: 25%
Magic:  3/3        EV: 12    Int:  8 (11) God:    Lugonu [......]
Gold:   17         SH:  0    Dex: 12 (13) Spells: 1/1 levels left

rFire    . . .     SeeInvis .   a - +1 spear
rCold    . . .     Faith    .   (no shield)
rNeg     . . .     Spirit   .   b - +0 leather armour
rPois    .         Reflect  .   (no helmet)
rElec    .         Harm     .   h - +0 cloak
rCorr    .         Rampage  .   (no gloves)
MR       .....                  (no boots)
Stlth    +.........             (no amulet)
HPRegen  0.08/turn              (no ring)
MPRegen  0.08/turn              (no ring)

@: brilliant, about to teleport
A: change form in water, swift swim, stealthy swim
a: Renounce Religion


You were on level 3 of the Dungeon.
You worshipped Lugonu.
Lugonu was noncommittal.
You visited 1 branch of the dungeon, and saw 3 of its levels.
You visited the Abyss 1 time.

You collected 17 gold pieces.

Inventory:

Hand Weapons
 a - a +1 spear (weapon)
Armour
 b - a +0 leather armour (worn)
 h - a +0 cloak (worn)
Scrolls
 c - a scroll of remove curse {unknown}
 f - a scroll of amnesia {unknown}
 g - 2 scrolls of teleportation


   Skills:
 + Level 3.4 Fighting
 * Level 3.4 Polearms
 + Level 0.9 Armour
 + Level 2.9 Dodging
 + Level 2.1 Invocations


You had one spell level left.
You didn't know any spells.
Your spell library was empty.

Dungeon Overview and Level Annotations

Branches:
Dungeon (3/15)

Altars:

Portals:
Sewer: D:3

Annotations:
D:3 Sigmund


Message History

A hobgoblin comes into view. It is wielding a +0 club.
The hobgoblin shouts!
A bat comes into view.
The bat misses you.
Sigmund hits you from afar with a +0 scythe!
Ouch! That really hurt!
* * * LOW HITPOINT WARNING * * *
The bat barely misses you.
As you read the scroll labeled TUTU BOPPOPH, it crumbles to dust.
You feel strangely unstable.
It was a scroll of teleportation.
The bat hits you but does no damage.
Sigmund splashes around in the water.
The bat hits you.
* * * LOW HITPOINT WARNING * * *
The bat closely misses you.
A jackal and a kobold come into view.
The kobold shouts!
The jackal barks!
The bat hits you.
* * * LOW HITPOINT WARNING * * *
The kobold throws a stone.
The stone hits you.
You die...

#.##≈≈.≈≈##.#
##.##≈≈.≈≈##.#.
#?.≈≈...?.≈≈...
...#(≈≈...≈.≈≈..#
#.≈≈.≈∩.≈....#
#.#.≈≈.....≈≈..#
#..≈≈.....≈≈..#
#..##≈†≈@≈##..##.###
#..##≈≈≈≈≈##@.....h.
#......wgsr.b###K##.
#.#.####<##### #.#.
#.# #.# #.# ..? #.#
#.. #..


You could see a worm, a river rat, a jackal, a giant cockroach, a hobgoblin, a
bat and a kobold.

Vanquished Creatures
  An ooze (D:1)
  A worm (D:2)
  A ball python (D:3)
  2 bats
5 creatures vanquished.

Vanquished Creatures (others)
  A jackal (D:3)
1 creature vanquished.

Grand Total: 6 creatures vanquished

Notes
Turn   | Place    | Note
-------+----------+-------------------------------------------
     0 | Abyss:1  | Lanoc the Merfolk Abyssal Knight began the quest for the
                  | Orb.
     0 | Abyss:1  | Reached XP level 1. HP: 18/18 MP: 2/2
    93 | Abyss:1  | Noticed a small abomination
   102 | Abyss:1  | Noticed a large abomination
   108 | D:1      | Escaped the Abyss
   260 | D:2      | Reached XP level 2. HP: 14/24 MP: 3/3
   388 | D:3      | Found a glowing drain.
   388 | D:3      | Noticed Sigmund
   409 | D:3      | Hit by a stone thrown by a kobold

Illustrated notes

Levels and vault maps discovered:
D:1:      lightli_arrival_maybe_door_vault, layout_loops_cross,
          doesnt_xom_only_xom
D:2:      layout_basic, serial_co_window_serial, co_window_of_opportunity_a,
          co_window_cross_1, co_window_of_opportunity_a,
          co_window_of_opportunity_a, co_window_of_opportunity_a,
          co_window_paths_c, co_window_broadway_b, co_window_corner_b,
          co_window_4corner_b, co_window_4corner_a, glass_columns_c,
          glass_columns_b
D:3:      layout_loops_ring, elyvilon_altar_5, gammafunk_ghost_smash,
          cheibrodos_sewer_entry_sluice, lemuel_old_faithful, uniq_sigmund,
          uniq_ijyb

Action                   || total
-------------------------++-------
Melee: Spear             ||    24
Invok: Depart the Abyss  ||     1
  Use: Potion            ||     2
       Scroll            ||     1
Armor: Leather armour    ||    13
Dodge: Dodged            ||    31

Table legend: (Time is in decaauts)
 A = Elapsed time spent in this place.
 B = Non-inter-level travel time spent in this place.
 C = Inter-level travel time spent in this place.
 D = Time resting spent in this place.
 E = Time spent auto-exploring this place.
 F = Levels seen in this place.
 G = Mean time per level.
                   A        B        C        D        E       F      G
               +--------+--------+--------+--------+--------+-----+--------+
         Total |    403 |    403 |      0 |    124 |    199 |   4 |  100.8 |
       Dungeon |    295 |    295 |      0 |    124 |    111 |   3 |   98.3 |
         Abyss |    108 |    108 |      0 |      0 |     88 |   1 |  108.0 |
               +--------+--------+--------+--------+--------+-----+--------+

Top non-repeatable levels by time:
     D:1: 144 daAuts
     D:2: 134 daAuts
 Abyss:1: 108 daAuts
     D:3: 17 daAuts
